Map: Frozen Temple

Players

ZenedoR

  • Race: Zerg Zerg
  • League: Master

MammouthQc - Winner!

  • Race: Terran Terran
  • League: Master

VOD

Have the link to the VOD?

Description

Time

  • Played on: May 16, 2016, 7:52 p.m.
  • Length: 10:06
Show
View Real Time Build Order
Export as new Build Order

ZenedoR Zerg 

Build Orders: Pool First, Muta Ling Bane 

Get SALT Encoding   

  12  0:01  Drone  
  13  0:12  Overlord  
  13  0:18  Drone  
  14  0:30  Drone x2  
  14  0:34  Drone  
  17  0:40  Extractor  
  16  0:45  Drone  
  17  0:51  Spawning Pool  
  17  0:56  Drone  
  17  1:07  Drone  
  18  1:27  Hatchery  
  17  1:40  Zergling x6  
  17  1:42  Metabolic Boost  
  20  1:49  Queen  
  22  1:56  Overlord  
  22  2:14  Drone  
  23  2:18  Drone  
  24  2:24  Queen  
  26  2:31  Drone  
  27  2:40  Drone x2  
  27  2:42  Queen  
  30  2:52  Zergling x2  
  30  2:53  Zergling x2  
  30  2:56  Zergling x2  
  31  3:06  Zergling x8  
  31  3:12  Drone  
  36  3:18  Overlord  
  36  3:25  Overlord  
  36  3:31  Hatchery  
  36  3:32  Drone  
  35  3:44  Drone x5  
  40  3:50  Drone  
  40  3:51  Drone  
  40  3:55  Drone x2  
  43  4:03  Drone x2  
  43  4:06  Extractor, Roach Warren  
  43  4:07  Lair  
  43  4:17  Drone  
  43  4:18  Drone x2  
  43  4:21  Drone x3  
  49  4:26  Extractor, Drone  
  49  4:27  Spore Crawler  
  49  4:28  Spore Crawler  
  47  4:36  Drone x2  
  49  4:38  Drone  
  49  4:44  Drone  
  51  4:45  Queen  
  53  4:53  Drone  
  53  4:55  Drone  
  53  4:56  Drone  
  53  4:58  Roach  
  58  5:00  Overlord x2  
  58  5:05  Evolution Chamber  
  58  5:07  Evolution Chamber  
  56  5:11  Baneling Nest  
  56  5:13  Overseer  
  55  5:22  Spire  
  55  5:23  Drone  
  55  5:24  Drone x3  
  58  5:31  Drone x4  
  62  5:37  Overseer  
  62  5:40  Zerg Melee Weapons Level 1  
  62  5:46  Extractor  
  62  5:47  Zerg Ground Armor Level 1  
  61  5:53  Drone x3  
  64  5:57  Extractor  
  64  6:03  Drone x3  
  66  6:04  Drone  
  66  6:05  Drone x6  
  66  6:06  Extractor  
  69  6:20  Spore Crawler  
  69  6:21  Spore Crawler  
  62  6:29  Spore Crawler x2  
  58  6:36  Mutalisk x4  
  62  6:44  Mutalisk  
  64  6:53  Mutalisk  
  62  7:00  Drone x2  
  62  7:01  Mutalisk, Drone x2  
  68  7:16  Overlord x2  
  68  7:27  Overlord x2  
  68  7:34  Queen x2, Hatchery  
  68  7:35  Drone x2  
  73  7:48  Zerg Melee Weapons Level 2  
  73  7:49  Zerg Ground Armor Level 2, Centrifical Hooks  
  74  7:51  Drone x4  
  77  8:06  Zerg Flyer Armor Level 1  
  77  8:14  Drone x6  
  84  8:34  Zergling x4  
  84  8:36  Overlord  
  84  8:37  Overlord  
  84  8:38  Overseer  
  84  8:39  Pneumatized Carapace  
  85  8:48  Drone  
  85  8:50  Hatchery  
  84  9:05  Corruptor x2  
  84  9:06  Corruptor  
  90  9:14  Baneling  
  90  9:15  Baneling x6  
  90  9:16  Zergling x4  
  92  9:21  Roach x3  
  96  9:24  Hatchery  
  96  9:29  Roach x3  
  96  9:30  Roach  
  103  9:37  Corruptor x2  
Show
View Real Time Build Order
Export as new Build Order

MammouthQc Terran - Winner!

Build Orders: MMM Bio 

Get SALT Encoding   

  12  0:01  SCV  
  13  0:13  SCV  
  14  0:18  Supply Depot  
  14  0:25  SCV  
  15  0:34  Refinery  
  15  0:40  SCV  
  16  0:45  Barracks  
  16  0:52  SCV  
  17  1:04  SCV  
  18  1:17  SCV  
  19  1:33  Orbital Command, Marine  
  20  1:43  Command Center  
  20  1:55  Factory  
  20  1:57  Marine  
  20  2:00  SCV  
  22  2:08  Supply Depot  
  22  2:12  SCV  
  23  2:15  Refinery  
  23  2:29  Marine  
  24  2:31  SCV  
  25  2:43  SCV  
  25  2:55  Marine, SCV  
  25  3:07  SCV  
  25  3:11  Starport  
  25  3:12  Starport  
  26  3:13  Marine  
  26  3:19  SCV  
  28  3:21  Bunker  
  28  3:22  Orbital Command  
  28  3:26  Widow Mine  
  30  3:31  Marine, SCV  
  32  3:39  Orbital Command  
  31  3:43  SCV  
  28  3:53  Starport Tech Lab  
  28  3:54  Starport Tech Lab  
  28  3:55  SCV  
  28  3:59  Marine  
  30  4:05  SCV  
  30  4:06  Widow Mine  
  30  4:08  SCV  
  34  4:13  Banshee x2, Cloaking Field  
  40  4:17  SCV  
  40  4:19  Supply Depot  
  41  4:26  Bunker  
  41  4:27  Marine  
  42  4:34  SCV  
  43  4:42  SCV  
  43  4:45  Orbital Command, Marine  
  45  4:49  SCV  
  46  4:56  Banshee x2  
  46  4:59  Supply Depot  
  52  5:01  Supply Depot  
  52  5:02  Marine  
  52  5:05  SCV  
  54  5:18  Supply Depot  
  54  5:20  Supply Depot  
  54  5:21  SCV  
  56  5:24  Factory Tech Lab  
  56  5:25  Engineering Bay  
  56  5:26  Barracks Tech Lab  
  55  5:29  SCV  
  55  5:32  Refinery  
  55  5:33  SCV, Refinery  
  57  5:42  Banshee x2  
  63  5:48  Siege Tank  
  66  5:53  SCV x2  
  68  6:01  Missile Turret  
  68  6:03  Missile Turret  
  68  6:05  SCV x2  
  68  6:07  Marine  
  68  6:08  Stimpack  
  71  6:22  Liberator  
  71  6:24  Siege Tank  
  74  6:28  SCV x2  
  79  6:40  Marine, SCV  
  79  6:46  Supply Depot, Barracks x2  
  81  6:47  Supply Depot  
  81  6:50  Liberator  
  81  6:58  Marine, SCV x2  
  84  7:05  Liberator  
  87  7:12  SCV x2  
  89  7:16  Marine  
  93  7:24  SCV, Barracks  
  93  7:27  Barracks  
  94  7:33  Marine  
  94  7:36  Liberator  
  97  7:38  Barracks Reactor x2  
  97  7:39  Widow Mine  
  96  7:49  SCV  
  96  7:51  Marine  
  96  7:56  SCV  
  101  8:01  Terran Infantry Weapons Level 1  
  101  8:05  Supply Depot  
  101  8:08  Supply Depot  
  101  8:09  Marine  
  102  8:20  Marine  
  102  8:21  Marine  
  102  8:23  Liberator  
  102  8:24  Combat Shields, Liberator  
  104  8:27  Marine  
  104  8:32  SCV  
  104  8:33  SCV  
  107  8:35  Marine  
  107  8:37  Concussive Shells  
  107  8:38  Marine x2, Barracks Reactor  
  107  8:39  Barracks Reactor  
  116  8:41  Medivac  
  116  8:44  SCV  
  116  8:45  Marine  
  120  8:53  Marine  
  120  8:55  Command Center  
  121  8:57  Marine  
  121  8:58  Marine  
  121  8:59  Missile Turret  
  123  9:02  Marine  
  124  9:10  Marine  
  124  9:11  Siege Tank, Supply Depot x2  
  124  9:15  Marine x2, SCV x2  
  132  9:23  Medivac  
  134  9:32  SCV  
Tags
 
Add a new tag
Caveats
  • Supply blocks, unpowered buildings, or Contaminate may cause inaccurate times.
  • Supply counts are checked every 10 seconds.